AoeStats
← Caucasian Rat

MegaRandom

504651993Analyzed
2v2 RM · 27d ago on Sep 6, 2026· 32m 40s· 4 players
Game mode
Random Map
Map size
Medium (4 player)
Population
200
Speed
Normal
Resources
Standard
Victory
Conquest
Starting age
Dark Age
Ending age
Imperial Age
RankedLock teamsTeams togetherTeam positionsShared explorationLock speedFull tech treeHidden civsTurbo modeCheats
Victory
Defeat
🇺🇸 Portuguese · United States
652
+14
🇺🇸 Poles · United States
645
+14
🇳🇿 Persians · New Zealand
611
-14
🇳🇿 Franks · New Zealand
610
-14
gluestick656
13:38 Feudal Age
15:32 Horse Collar
15:40 Double-Bit Axe
18:05 Loom
18:56 Wheelbarrow
18:08 Town Watch
19:25 Bloodlines
29:34 Castle Age
Caucasian Rat
8:11 Loom
10:21 Feudal Age
11:51 Town Watch
13:31 Double-Bit Axe
20:57 Castle Age
19:35 Man-at-Arms
21:17 Scale Barding Armor
23:42 Wheelbarrow
23:20 Bow Saw
25:17 Long Swordsman
26:48 Husbandry
28:18 Squires
28:07 Arson
28:13 Arson
32:22 Hand Cart
Wogsy2010
0:42 Loom
14:10 Feudal Age
15:45 Double-Bit Axe
15:42 Horse Collar
16:24 Fletching
17:31 Wheelbarrow
25:48 Castle Age
27:31 Bodkin Arrow
27:31 Crossbowman
32:17 Thumb Ring
|RAZER|Spider
3:13 Loom
16:30 Feudal Age
19:37 Man-at-Arms
20:03 Arson
24:13 Horse Collar
27:50 Town Watch
32:45 Castle Age
Connection lost

Rejoining the realm…

Still unreachable

The connection could not be restored.

Session expired

The server has moved on; the page needs a fresh start.